 Dungeon Crawl Stone Soup version 0.22-a0-15-g4f60a598d5 (webtiles) character file.

10283 emikaela the Covert (level 11, 0/100 HPs)
             Began as a Naga Assassin on Jan 2, 2018.
             Was a Believer of Kikubaaqudgha.
             Slain by a death yak (21 damage)
             ... on level 10 of the Dungeon.
             The game lasted 00:49:49 (15213 turns).

emikaela the Covert (Naga Assassin)                Turns: 15213, Time: 00:49:50

Health: 0/100      AC: 10    Str: 15    XL:     11   Next: 59%
Magic:  2/15       EV:  9    Int: 13    God:    Kikubaaqudgha [**....]
Gold:   522        SH:  9    Dex: 13    Spells: 8/16 levels left

rFire    . . .     SeeInvis +   b - +1 dagger (venom)
rCold    . . .     Gourm    .   A - +0 shield
rNeg     . . .     Faith    .   p - +0 robe
rPois    +         Spirit   .   y - +0 helmet
rElec    .         Reflect  .   f - +0 cloak
rCorr    .         Harm     .   (no gloves)
MR       ++...                  L - +0 naga barding
Stlth    ++++......             W - amulet of rage
HPRegen  0.26/turn              w - ring of protection from magic
MPRegen  0.14/turn              V - +3 ring of slaying

@: very slow
A: large, see invisible, deformed body, poison resistance, slowness 2, slow
metabolism 1, spit poison 1, AC +3
a: Spit Poison, Receive Corpses, Renounce Religion, Evoke Berserk Rage


You were on level 10 of the Dungeon.
You worshipped Kikubaaqudgha.
Kikubaaqudgha was pleased with you.
You were near starving.

You visited 1 branch of the dungeon, and saw 10 of its levels.

You collected 550 gold pieces.
You spent 28 gold pieces at shops.

Inventory:

Hand Weapons
 a - a +2 hunting sling of flaming
 b - a +1 dagger of venom (weapon)
 c - a +2 dagger
 d - a +0 blowgun
 S - a +2 scimitar of flaming
Missiles
 i - 276 arrows
 m - 266 stones (quivered)
 n - 72 sling bullets
 o - 82 bolts
 J - 7 poisoned needles
 P - a tomahawk
Armour
 f - a +0 cloak (worn)
 p - a +0 robe (worn)
 y - a +0 helmet (worn)
 A - a +0 shield (worn)
 L - a +0 naga barding (worn)
Jewellery
 r - an uncursed amulet of the gourmand
 w - a ring of protection from magic (left hand)
 x - an uncursed amulet of magic regeneration
 z - an uncursed ring of resist corrosion
 U - the ring "Deraunofye" {+Fly Int-5}
   (You found it on level 8 of the Dungeon)

   [ring of intelligence]

   It affects your intelligence (-5).
   It lets you fly.
 V - a +3 ring of slaying (right hand)
 W - an amulet of rage (around neck)
Wands
 e - a wand of random effects (27)
 h - a wand of scattershot (3)
 s - a wand of acid (10)
 H - a wand of iceblast (8)
 M - a wand of polymorph (16)
Scrolls
 j - 5 scrolls of teleportation
 k - 2 scrolls of immolation
 l - 4 scrolls of enchant weapon
 t - 3 scrolls of fog
 u - 3 scrolls of amnesia {unknown}
 v - a scroll of remove curse
 F - 3 scrolls of magic mapping
 G - 3 scrolls of blinking {unknown}
 K - a scroll of torment {unknown}
 O - a scroll of brand weapon {unknown}
 Q - a scroll of enchant armour {unknown}
 Y - a scroll of fear {unknown}
Potions
 B - 3 potions of curing
 C - 2 potions of haste
 D - a potion of magic
 I - a potion of resistance {unknown}
 R - a potion of agility {unknown}
 T - 2 potions of flight
Books
 q - a book of Misfortune
 E - Kikubaaqudgha's Volume of Dark Magic
   (Kikubaaqudgha gifted it to you on level 5 of the Dungeon)

   Spells                             Type                      Level
   a - Pain                           Necromancy                   1
   b - Corpse Rot                     Necromancy                   2
   c - Sublimation of Blood           Necromancy                   2
   d - Vampiric Draining              Necromancy                   3
 N - Kikubaaqudgha's Volume of Evil Rituals
   (Kikubaaqudgha gifted it to you on level 10 of the Dungeon)

   Spells                             Type                      Level
   a - Borgnjor's Vile Clutch         Necromancy/Earth             5
   b - Agony                          Necromancy                   5
   c - Dispel Undead                  Necromancy                   5
   d - Simulacrum                     Ice/Necromancy               6
   e - Death Channel                  Necromancy                   6
 X - a book of Enchantments
Comestibles
 g - 19 rations


   Skills:
 + Level 7.6 Fighting
 + Level 9.0 Short Blades
 - Level 1.7 Throwing
 - Level 5.3 Dodging
 - Level 10.0 Stealth
 - Level 4.0 Shields
 - Level 3.0 Spellcasting
 + Level 7.2 Necromancy
 + Level 5.7 Evocations


You had 8 spell levels left.
You knew the following spells:

 Your Spells              Type           Power        Failure   Level  Hunger
a - Pain                  Necr           ###.         3%          1    #......
b - Sublimation of Blood  Necr           ###.......   5%          2    ###....
c - Corpse Rot            Necr           N/A          5%          2    ###....
v - Vampiric Draining     Necr           ###.......   11%         3    ###....


Dungeon Overview and Level Annotations

Branches:
Dungeon (10/15)            Temple (0/1) D:5            Lair (0/6) D:10
    Orc: D:9-12

Altars:
Ashenzari
Cheibriados
Dithmenos
Hepliaklqana
Kikubaaqudgha
Nemelex Xobeh
Okawaru
Sif Muna
Trog
Yredelemnul
The Shining One

Shops:
D:9 *

Annotations:
D:5 Grinder


Innate Abilities, Weirdness & Mutations

You cannot wear boots.
Your serpentine skin is tough. (AC +3)
You have supernaturally acute eyesight. (SInv)
Armour fits poorly on your strangely shaped body.
Your system is resistant to poisons. (rPois)
You cover ground very slowly.
You have a slow metabolism.
You can spit poison.


Message History

Okay, then.
Unknown command.
You hit the death yak but do no damage.
The death yak looks as sick as possible!
The death yak is severely wounded.
The death yak is engulfed in dark miasma.
The death yak looks as sick as possible!
You block the death yak's attack.
The death yak bellows!
You hit the death yak but do no damage.
The death yak looks as sick as possible!
The death yak is severely wounded.
You hit the death yak but do no damage.
The death yak looks as sick as possible!
The death yak is severely wounded.
The death yak is engulfed in dark miasma.
The death yak looks as sick as possible!
The death yak seems to slow down.
The death yak gores you!!
You die...
Kikubaaqudgha rasps: "You have failed me!
Welcome... death!"

#....<#.....########)Y(...#..
#.....#............)).....##'
#.....#...........Y#...(..'..
#.....#.....##.....#......#..
#.....#.....##.....#......#..
#.....#.....##.....#........+
#.....'......#.Y...#......#..
#.....#.....÷#§Y...#......#..
#.....#.....@Y÷Y...#......#..
#.....#...####§.####......###
#######...####..##.###....#..
#.....#.........#....#..
#.....#.........#....#..
#.....#.........#....#..
#.....#.........#....#..
#.....#.........#.......
##.############.#......#


You could see 4 death yaks.

Vanquished Creatures
  2 two-headed ogres (D:10)
  A centaur warrior (D:8)
  3 death yaks (D:10)
  Erica (D:8)
  Pikel (D:7)
  Joseph (D:8)
  Maurice (D:8)
  Prince Ribbit (D:6)
  A hippogriff (D:9)
  Sigmund (D:3)
  A spriggan (D:7)
  5 yaks
  Grum (D:8)
  Menkaure (D:7)
  The ghost of Kaname the Conjurer, an amateur DsWz (D:3)
  An ice beast (D:5)
  An orc warrior (D:8)
  A slave (D:7)
  A necrophage (D:10)
  4 wolves (D:8)
  3 ogres
  4 centaurs
  2 big kobolds (D:7)
  3 bullfrogs
  Blork the orc (D:8)
  3 scorpions
  A howler monkey (D:7)
  3 crimson imps
  6 orc priests
  2 bullfrog zombies
  3 hounds
  Ijyb (D:3)
  A centaur skeleton (D:7)
  Jessica (D:3)
  2 bullfrog skeletons
  Natasha (thrice) (D:2)
  An iguana (D:9)
  6 orc wizards
  7 worker ants
  A killer bee zombie (D:8)
  A hound zombie (D:6)
  A hound skeleton (D:8)
  Robin (D:3)
  12 adders
  A shadow imp (D:8)
  An ooze (D:4)
  An adder skeleton (D:4)
  An adder zombie (D:7)
  5 worms (D:2)
  2 dart slugs
  6 leopard geckos
  27 orcs
  3 ball pythons (D:2)
  7 bats
  A giant cockroach (D:5)
  6 hobgoblins
  2 jackals (D:2)
  A quokka (D:7)
  3 frilled lizards
  15 goblins
  8 kobolds
  A leopard gecko zombie (D:7)
  9 rats
199 creatures vanquished.

Vanquished Creatures (others)
  2 slaves (D:7)
  A scorpion (D:7)
  A worker ant (D:7)
4 creatures vanquished.

Grand Total: 203 creatures vanquished

Notes
Turn   | Place    | Note
-------+----------+-------------------------------------------
     0 | D:1      | emikaela the Naga Assassin began the quest for the Orb.
     0 | D:1      | Reached XP level 1. HP: 19/19 MP: 1/1
   237 | D:1      | Reached skill level 6 in Stealth
   251 | D:1      | Reached XP level 2. HP: 26/26 MP: 2/2
   866 | D:2      | Reached XP level 3. HP: 33/33 MP: 3/3
  1169 | D:2      | Found an ancient bone altar of Kikubaaqudgha.
  1262 | D:2      | Became a worshipper of Kikubaaqudgha
  1484 | D:2      | Reached XP level 4. HP: 36/40 MP: 4/4
  1569 | D:2      | Found a shattered altar of Ashenzari.
  1676 | D:2      | Reached skill level 7 in Stealth
  1941 | D:2      | Found a basalt altar of Yredelemnul.
  2064 | D:2      | Reached XP level 5. HP: 31/49 MP: 5/5
  2201 | D:2      | Noticed a moth of wrath
  2203 | D:2      | Found a bloodstained altar of Trog.
  2203 | D:2      | Noticed Natasha
  2275 | D:2      | Killed Natasha
  2691 | D:3      | Noticed Jessica
  2691 | D:3      | Noticed Kaname's ghost (amateur DsWz)
  2692 | D:3      | Killed Jessica
  2795 | D:3      | Noticed Ijyb
  2808 | D:2      | Found a shattered altar of Ashenzari.
  2809 | D:2      | Noticed Natasha
  2818 | D:2      | Killed Natasha
  2818 | D:2      | Reached XP level 6. HP: 21/57 MP: 6/6
  2981 | D:2      | Noticed Natasha
  2988 | D:2      | Killed Natasha
  2988 | D:2      | Reached skill level 8 in Stealth
  3171 | D:2      | Found a basalt altar of Yredelemnul.
  3278 | D:2      | Found a bloodstained altar of Trog.
  3398 | D:2      | Found an ancient bone altar of Kikubaaqudgha.
  3846 | D:3      | Noticed Robin
  3913 | D:3      | Noticed Sigmund
  3928 | D:3      | Killed Sigmund
  3928 | D:3      | Reached XP level 7. HP: 54/66 MP: 7/7
  4014 | D:3      | Killed Robin
  4027 | D:3      | Found a faded altar of an unknown god.
  4131 | D:3      | Killed Kaname's ghost
  4131 | D:3      | Reached skill level 9 in Stealth
  4537 | D:3      | Killed Ijyb
  5051 | D:4      | Found an iron altar of Okawaru.
  5111 | D:4      | Reached skill level 5 in Short Blades
  5552 | D:4      | Reached skill level 5 in Fighting
  5588 | D:4      | Reached skill level 1 in Evocations
  5605 | D:4      | Found a snail-covered altar of Cheibriados.
  5822 | D:5      | Entered Level 5 of the Dungeon
  5822 | D:5      | Found a staircase to the Ecumenical Temple.
  5969 | D:5      | Reached * piety under Kikubaaqudgha
  5969 | D:5      | Identified Kikubaaqudgha's Volume of Dark Magic (Kikubaaqudgha gifted it to you on level 5 of the Dungeon)
  5969 | D:5      | Received a gift from Kikubaaqudgha
  5969 | D:5      | Reached skill level 1 in Shields
  6029 | D:5      | Reached XP level 8. HP: 66/74 MP: 9/9
  6032 | D:5      | Learned a level 1 spell: Pain
  6035 | D:5      | Learned a level 2 spell: Sublimation of Blood
  6038 | D:5      | Learned a level 2 spell: Corpse Rot
  6098 | D:5      | Noticed Grinder
  6362 | D:5      | Reached skill level 1 in Necromancy
  6501 | D:5      | Found a hazy altar of Hepliaklqana.
  6758 | D:5      | Reached skill level 1 in Spellcasting
  7193 | D:6      | Found a shadowy altar of Dithmenos.
  7193 | D:6      | Found a sparkling altar of Nemelex Xobeh.
  7277 | D:6      | Reached skill level 10 in Stealth
  7639 | D:6      | Found a glowing golden altar of the Shining One.
  7817 | D:7      | Noticed Prince Ribbit
  7845 | D:6      | Killed Prince Ribbit
  8419 | D:7      | Reached XP level 9. HP: 81/81 MP: 12/12
  8656 | D:7      | Noticed Pikel
  8739 | D:7      | Killed Pikel
  8843 | D:7      | Noticed Menkaure
  9184 | D:7      | Killed Menkaure
  9629 | D:8      | Noticed Maurice
  9649 | D:8      | Reached ** piety under Kikubaaqudgha
  9664 | D:8      | Killed Maurice
  9664 | D:8      | Reached skill level 5 in Necromancy
  9880 | D:8      | Noticed Joseph
 10046 | D:8      | Killed Joseph
 10046 | D:8      | Reached skill level 5 in Evocations
 10046 | D:8      | Reached XP level 10. HP: 26/88 MP: 13/13
 10532 | D:8      | Noticed Grum
 10540 | D:8      | Killed Grum
 10583 | D:8      | Noticed Erica
 11034 | D:8      | Killed Erica
 11305 | D:8      | Found a transporter.
 11481 | D:8      | Noticed Blork the orc
 11486 | D:8      | Killed Blork the orc
 11486 | D:8      | Reached skill level 1 in Dodging
 11512 | D:8      | Found a deep blue altar of Sif Muna.
 11631 | D:8      | Found a transporter.
 11660 | D:8      | Noticed a centaur warrior
 11904 | D:8      | Killed a centaur warrior
 12323 | D:8      | Got a translucent platinum ring
 12381 | D:8      | Identified the cursed ring "Deraunofye" {+Fly Int-5} (You found it on level 8 of the Dungeon)
 12606 | D:9      | Found Ecle's General Store.
 12615 | D:9      | Bought a scroll of identify for 28 gold pieces
 13326 | D:9      | Reached skill level 5 in Dodging
 13336 | D:9      | Reached XP level 11. HP: 53/99 MP: 14/14
 13341 | D:9      | Learned a level 3 spell: Vampiric Draining
 13971 | D:10     | Entered Level 10 of the Dungeon
 13974 | D:10     | Noticed a death yak
 14211 | D:10     | Noticed a two-headed ogre
 14229 | D:10     | Killed a two-headed ogre
 14297 | D:10     | Noticed a death yak
 14406 | D:10     | Noticed a death yak
 14430 | D:10     | Noticed a death yak
 14602 | D:10     | Noticed a two-headed ogre
 14700 | D:10     | Noticed a death yak
 14700 | D:10     | Noticed a death yak
 14732 | D:10     | Noticed a death yak
 14732 | D:10     | Noticed a death yak
 14733 | D:10     | Noticed a death yak
 14760 | D:10     | Found a staircase to the Lair.
 14828 | D:10     | Killed a death yak
 15125 | D:10     | Reached *** piety under Kikubaaqudgha
 15125 | D:10     | Identified Kikubaaqudgha's Volume of Evil Rituals (Kikubaaqudgha gifted it to you on level 10 of the Dungeon)
 15125 | D:10     | Received a gift from Kikubaaqudgha
 15141 | D:10     | Killed a two-headed ogre
 15197 | D:10     | Killed a death yak
 15208 | D:10     | HP: 5/100 [death yak (13)]
 15210 | D:10     | Killed a death yak
 15213 | D:10     | Slain by a death yak

Vault maps used:
D:1:      nicolae_arrival_memento_mori
D:2:      tgw_trog, nicolae_overflow_crystal_walls,
          lemuel_coloured_pillars_altar, ashenzari_altar_1, uniq_natasha
D:3:      chequers_ecumenical_altar_island, uniq_sigmund, uniq_ijyb, uniq_robin,
          uniq_jessica
D:4:      okawaru_gym_becter, kennysheep_little_box, first_ration
D:5:      marbit_many_paths, minmay_temple_entry_glass, uniq_grinder
D:6:      kennysheep_mini, gammafunk_temple_overflow_wave
D:7:      eino_small_chamber_without_monster, the_bakery, uniq_pikel,
          uniq_prince_ribbit1, uniq_menkaure
D:8:      gammafunk_the_bubble, minivault_25, tgw_sif, uniq_erica, uniq_joseph,
          uniq_grum, uniq_maurice
D:9:      serial_shops, shop
D:10:     dpeg_lair_monsters, grunt_decor_one_mirror

Skill      XL: |  1  2  3  4  5  6  7  8  9 10 11 |
---------------+----------------------------------+-----
Stealth        | 6 7 8 9 10 | 10.0
Fighting       | 3 4 5 6 7 |  7.6
Short Blades   | 3 4 5 6 7 8 9 |  9.0
Evocations     | 1 3 5 |  5.7
Shields        | 1 2 4 |  4.0
Necromancy     | 2 5 6 7 |  7.2
Spellcasting   | 2 3 |  3.0
Dodging        | 5 |  5.3
Throwing       | |  1.7

Action                   |  1- 3 |  4- 6 |  7- 9 | 10-12 || total
-------------------------+-------+-------+-------+-------++-------
Melee: Dagger            |    90 |   111 |   402 |   167 ||   770
       Scimitar          |       |       |       |    18 ||    18
 Fire: Blowgun           |     2 |    17 |    35 |    15 ||    69
       Hunting sling     |       |       |       |   127 ||   127
Throw: Stone             |    26 |    51 |   124 |     8 ||   209
       Tomahawk          |       |       |     2 |       ||     2
 Cast: Vampiric Draining |       |       |       |    10 ||    10
       Corpse Rot        |       |       |       |     4 ||     4
Invok: Receive Corpses   |       |       |       |     2 ||     2
 Abil: Spit Poison       |     7 |    13 |    26 |    32 ||    78
       Evoke Flight      |       |       |       |     1 ||     1
       Evoke Berserk Rag |       |       |       |     1 ||     1
Evoke: Wand              |       |       |     4 |     2 ||     6
  Use: Scroll            |       |     5 |     4 |     6 ||    15
       Potion            |       |       |    10 |     3 ||    13
 Stab: Sleeping          |     5 |     2 |     6 |     3 ||    16
  Eat: Chunk             |     1 |    16 |    13 |     9 ||    39
       Ration            |       |       |       |     1 ||     1
Armor: Robe              |    27 |    13 |   109 |    75 ||   224
       Skin              |       |       |     1 |       ||     1
Dodge: Dodged            |    33 |    30 |    71 |    74 ||   208
Block: Shield            |       |       |    96 |   113 ||   209
       Rpst.: Scimitar   |       |       |       |     5 ||     5

Table legend:
 A = Spawn XP
 B = Non-spawn XP
 C = Spawn XP percentage of total XP
 D = Spawn monster count
 E = Non-spawn monster count
 F = Spawn count percentage of total count
 G = Total turns spent on level
                    A         B        C        D         E        F      G
               +---------+---------+-------+---------+---------+-------+---------
         Total |       0 |   14691 |   0.0 |       0 |     198 |   0.0 | 15213
               +---------+---------+-------+---------+---------+-------+---------
           D:1 |       0 |      30 |   0.0 |       0 |      18 |   0.0 |   958
           D:2 |       0 |     297 |   0.0 |       0 |      30 |   0.0 |  2455
           D:3 |       0 |     547 |   0.0 |       0 |      30 |   0.0 |  1324
           D:4 |       0 |     275 |   0.0 |       0 |      14 |   0.0 |  1206
           D:5 |       0 |     480 |   0.0 |       0 |      15 |   0.0 |  1157
           D:6 |       0 |     545 |   0.0 |       0 |       8 |   0.0 |  1044
           D:7 |       0 |    1621 |   0.0 |       0 |      18 |   0.0 |  1679
           D:8 |       0 |    4666 |   0.0 |       0 |      37 |   0.0 |  2880
           D:9 |       0 |    1309 |   0.0 |       0 |      10 |   0.0 |  1323
          D:10 |       0 |    4921 |   0.0 |       0 |      18 |   0.0 |  1187
               +---------+---------+-------+---------+---------+-------+---------
